 Dungeon Crawl Stone Soup version 0.17-a0-1446-gc28613e (webtiles) character file.

1049349 Fluffy the Conqueror (level 27, -2/204 HPs)
             Began as a Gargoyle Fighter on June 27, 2015.
             Was the Champion of Qazlal.
             Killed from afar by a Hell Sentinel (52 damage)
             ... with a blast of hellfire
             ... on level 7 of the Iron City of Dis on June 28, 2015.
             The game lasted 08:30:59 (98285 turns).

Fluffy the Conqueror (Gargoyle Fighter)            Turns: 98285, Time: 08:30:59

Health: -2/204     AC: 51    Str: 22    XL:     27
Magic:  0/40       EV: 22    Int: 23    God:    Qazlal [******]
Gold:   10891      SH: 35    Dex: 20    Spells: 1 memorised, 24 levels left

rFire  + + +     SeeInvis .     v - +9 demon whip (elec)
rCold  + + +     Clarity  .     Z - +4 chain mail of the Armoured One {MR- Regen+ Int+4 Slay+5}
rNeg   + + +     SustAt   .     u - +0 large shield {rC+}
rPois  ∞         Gourm    .     P - -2 hat of the Alchemist {rElec rPois rF+ rC+ rN+ MR+ rMut rCorr}
rElec  +         Spirit   +     w - +1 cloak
rCorr  +         Warding  .     f - +0 pair of gloves of the Seven Gods {rElec Regen+ Int+6}
rMut   +         Rnd*Tele +     R - +2 pair of boots {run}
MR     ++...                    o - amulet "Xuph" {Spirit rElec rF+}
Stlth  ..........               Q - ring of Ofioni {rF+ rN+ Int+2}
                                F - ring "Tuyqinakk" {rElec rC+}

@: flying, repel missiles, quick, very resistant to hostile enchantments,
extremely unstealthy
A: big wings, rugged brown scales 1, thin skeletal structure 1, negative energy
resistance 1, sense surroundings 1, electricity resistance, teleportitis 1,
unbreathing, petrification resistance, rot immunity, AC +20
a: Stop Flying, Upheaval, Elemental Force, Disaster Area, Renounce Religion
}: 8/15 runes: serpentine, barnacled, slimy, silver, golden, obsidian, icy, bone


You were on level 7 of the Iron City of Dis.
You worshipped Qazlal.
Qazlal was exalted by your worship.
You were not hungry.

You visited 17 branches of the dungeon, and saw 93 of its levels.
You visited the Abyss 2 times.
You visited 1 bazaar.
You also visited: Ice Cave and Volcano.

You collected 13803 gold pieces.
You spent 2912 gold pieces at shops.

Inventory:

Hand weapons
 v - a +9 demon whip of electrocution (weapon)
Armour
 b - the +3 plate armour of the Sky {rPois Slay+5}
   (You bought it in a shop on level 4 of the Orcish Mines)

   It affects your accuracy and damage with ranged weapons and melee attacks
   (+5).
   It protects you from poison.
 f - the +0 pair of gloves of the Seven Gods (worn) {rElec Regen+ Int+6}
   (You bought it in a shop on level 2 of the Elven Halls)

   It affects your intelligence (+6).
   It insulates you from electricity.
   It increases your rate of regeneration.
 u - a +0 large shield of cold resistance (worn)
 w - a +1 cloak (worn)
 P - the -2 hat of the Alchemist (worn) {rElec rPois rF+ rC+ rN+ MR+ rMut rCorr}
   (You found it on level 2 of the Depths)

   It protects you from fire.
   It protects you from cold.
   It insulates you from electricity.
   It protects you from poison.
   It protects you from negative energy.
   It affects your resistance to hostile enchantments.
   It protects you from acid and corrosion.
   It protects you from mutation.
 R - a +2 pair of boots of running (worn)
 Z - the +4 chain mail of the Armoured One (worn) {MR- Regen+ Int+4 Slay+5}
   (You found it on level 6 of the Lair of Beasts)

   It affects your intelligence (+4).
   It affects your accuracy and damage with ranged weapons and melee attacks
   (+5).
   It affects your resistance to hostile enchantments.
   It increases your rate of regeneration.
Jewellery
 h - the amulet "Zossul" {Ward +Fly rPois rN+}
   (You took it off a deep elf demonologist on level 3 of the Elven Halls)

   [amulet of warding]

   It may prevent the melee attacks of summoned creatures.
   It protects you from poison.
   It protects you from negative energy.
   It lets you fly.
 i - the macabre finger necklace {Ward rN+}
   (You found it on level 7 of Tartarus)

   [amulet of warding]

   It may prevent the melee attacks of summoned creatures.
   It protects you from negative energy.
 o - the amulet "Xuph" (around neck) {Spirit rElec rF+}
   (You found it on level 4 of the Shoals)

   [amulet of guardian spirit]

   It causes incoming damage to be split between your health and magic.
   It protects you from fire.
   It insulates you from electricity.
 F - the ring "Tuyqinakk" (left hand) {rElec rC+}
   (You found it on level 7 of Gehenna)

   [ring of protection from cold]

   It protects you from cold.
   It insulates you from electricity.
 H - an uncursed ring of protection from fire
 J - the ring of the Failed Coup {rN+ MR+ MP+9 Str+3 Int-2}
   (You took it off a deep elf annihilator on level 3 of the Elven Halls)

   [ring of magical power]

   It affects your strength (+3).
   It affects your intelligence (-2).
   It protects you from negative energy.
   It affects your resistance to hostile enchantments.
   It affects your magic capacity (+9).
 Q - the ring of Ofioni (right hand) {rF+ rN+ Int+2}
   (You took it off a deep elf annihilator on level 4 of the Vaults)

   [ring of protection from fire]

   It affects your intelligence (+2).
   It protects you from fire.
   It protects you from negative energy.
 S - an uncursed amulet of clarity
 T - an uncursed amulet of regeneration
 U - an uncursed ring of see invisible
Magical devices
 j - a wand of heal wounds (5)
 l - a wand of heal wounds (4)
 m - a wand of teleportation (1)
 E - a wand of digging (12)
 I - a wand of disintegration (10)
 K - a wand of teleportation (5)
 V - a wand of digging (6)
 Y - a wand of disintegration (7)
Scrolls
 c - 2 scrolls of summoning
 k - 6 scrolls of magic mapping
 n - 31 scrolls of remove curse
 r - 16 scrolls of recharging
 s - 2 scrolls of enchant weapon
 z - 2 scrolls of brand weapon
 B - 3 scrolls of blinking
 C - a scroll of holy word
 D - 8 scrolls of acquirement
 G - 6 scrolls of enchant armour
 O - 19 scrolls of teleportation
 W - 38 scrolls of identify
Potions
 a - a potion of cure mutation
 d - 9 potions of might
 g - 4 potions of heal wounds
 p - 21 potions of curing
 q - 2 potions of haste
 A - 8 potions of agility
 M - 5 potions of resistance
 N - 4 potions of cancellation
Miscellaneous
 y - the horn of Geryon
Comestibles
 e - 40 bread rations
 t - 83 fruits
 x - 25 meat rations
 L - 7 chunks of flesh


   Skills:
 O Level 27 Fighting
 O Level 27 Maces & Flails
 O Level 27 Armour
 + Level 17.0 Dodging
 O Level 27 Shields
 - Level 9.5 Translocations
 O Level 27 Invocations


You had 24 spell levels left.
You knew the following spells:

 Your Spells              Type           Power        Failure   Level  Hunger
a - Blink                 Tloc           N/A          1%          2    ###....


Dungeon Overview and Level Annotations

Branches:
Dungeon (15/15)            Temple (0/1) D:6            Lair (8/8) D:10
 Shoals (4/4) Lair:4        Snake (4/4) Lair:4        Slime (6/6) Lair:7
    Orc (4/4) D:10            Elf (3/3) Orc:4        Vaults (5/5) D:14
  Crypt (3/3) Vaults:2       Tomb (3/3) Crypt:3      Depths (5/5) D:15
   Hell (1/1)                 Dis (7/7) Hell            Geh (7/7) Hell
    Coc (7/7) Hell            Tar (7/7) Hell            Zot (4/5) Depths:5

Altars:
Ashenzari
Gozag
Kikubaaqudgha
Okawaru
Qazlal
Ru
Sif Muna
Trog
Yredelemnul
The Shining One
Beogh
Jiyva
Lugonu

Shops:
D:6 %=(:   D:13 !   Orc:1 }[*   Orc:4 *[:(   Elf:2 !*[   Elf:3 !   Shoals:2 *
Vaults:2 (   Depths:2 (

Portals:
Hell: Depths:1 Depths:2 Depths:3 Depths:4 Depths:5
Abyss: Depths:2 Depths:3 Depths:4
Pandemonium: Depths:3
Ziggurat: Depths:5


Innate Abilities, Weirdness & Mutations

You are resistant to torment.
Your stone body is resilient (AC +20).
You are immune to poison.
Your large and strong wings let you fly indefinitely.
You resist negative energy.
You are resistant to electric shocks.
You can survive without breathing.
You are immune to petrification.
You are immune to rotting.
You are partially covered in rugged brown scales (AC +1, +3% HP).
You have a somewhat thin skeletal structure (Dex +2, Stealth).
You passively map a small area around you.
You are occasionally teleported to nearby monsters.


Message History

Aim: a Hell Sentinel (severely wounded) Magma suddenly erupts from the ground!
The blast of magma engulfs the Hell Sentinel.
The Hell Sentinel partially resists.
The Hell Sentinel is almost dead.
You hear a sizzling sound!
Use which ability? (? or * to list)
Aiming: Upheaval
Press: ? - help, Dir - move target cursor, p - Hell Sentinel A storm cloud blasts the area with cutting wind!
The cutting wind hits the Hell Sentinel.
You kill the Hell Sentinel!
Qazlal accepts your kill.
The cutting wind hits the Hell Sentinel.
The Hell Sentinel is moderately wounded.
Use which ability? (? or * to list)
You don't have enough magic at the moment.
The Hell Sentinel gestures at you.
The hellfire explodes!
The blast of hellfire engulfs you!
You die...

#.§...# , ,* #..§#* *
#####################[######### *
#...................≈1≈§.......
#..................≈.≈.).......
###.....................≈).....).
................§.§.§.....)......
................§§.§§............
................@§§..............
#################################
##
.################################
.................................
.................................
.####################..##########
## #..#
#####################''##########


You could see a Hell Sentinel.

Vanquished Creatures
  Antaeus (Coc:7)
  Asmodeus (Geh:7)
  the royal jelly (Slime:6)
  Ereshkigal (Tar:7)
  the Serpent of Hell (Geh:7)
  2 ancient liches
  Khufu (Crypt:3)
  An orb of fire (Depths:5)
  Mennas (Tomb:1)
  34 greater mummies
  Sojobo (Tomb:2)
  Boris (Depths:4)
  Frederick (Vaults:4)
  Margery (Vaults:4)
  Saint Roka (Crypt:2)
  9 shard shrikes
  Vashnia (Snake:2)
  A Killer Klown (Depths:5)
  2 curse toes
  Geryon (Hell)
  3 caustic shrikes (Depths:3)
  A profane servitor (Crypt:3)
  9 golden dragons
  7 bone dragons
  The ghost of 4thArraOfDagon the Severer, a mighty HOAK of Lugonu (Slime:6)
  17 Brimstone Fiends
  3 electric golems
  5 Hell Sentinels
  14 tentacled monstrosities
  Rupert (Orc:3)
  11 liches
  4 titans
  13 Ice Fiends
  24 Shadow Fiends
  5 deep elf blademasters
  4 deep elf master archers
  Murray (Depths:5)
  2 krakens (Shoals:2)
  A sphinx (shapeshifter) (Vaults:5)
  4 quicksilver dragons
  6 eldritch tentacles
  2 tentacled starspawn
  8 ancient champions
  43 acid blobs
  Gastronok (D:8)
  2 octopode crushers
  Agnes (D:14)
  7 sphinxes
  6 tengu reavers
  Kirke (Elf:1)
  6 shadow dragons
  4 Executioners
  11 storm dragons
  3 draconian monks
  Roxanne (D:14)
  6 revenants
  Ilsuiw (Shoals:3)
  16 fire giants
  17 azure jellies
  11 greater nagas
  Donald (Elf:3)
  Maud (Lair:7)
  9 frost giants
  2 draconian scorchers
  A draconian knight (Zot:2)
  11 iron dragons
  3 draconian zealots (Zot:2)
  Aizul (Vaults:3)
  Louise (Elf:3)
  A cacodemon (Hell)
  14 balrugs
  3 curse skulls
  A ghost moth (Zot:3)
  An orc warlord (Orc:4)
  7 deep elf sorcerers
  18 vault wardens
  4 draconian shifters
  13 ghouls
  An angel (D:13)
  14 ironheart preservers
  3 draconian annihilators (Zot:2)
  54 reapers
  2 spriggan defenders
  11 very ugly things
  14 war gargoyles
  21 stone giants
  2 deep elf demonologists
  7 vampire knights
  2 draconian callers (Zot:2)
  An elemental wellspring (Coc:7)
  6 salamander firebrands
  6 green draconians
  The ghost of rogue the Bludgeoner, a powerful OgHu of Okawaru (Lair:3)
  5 black draconians
  8 purple draconians
  5 salamander stormcallers
  9 deep elf annihilators
  7 yellow draconians
  Azrael (Orc:4)
  7 dire elephants
  8 white draconians
  A lorocyproca (Dis:7)
  4 bennus (Tomb:2)
  6 large abominations
  14 ettins
  7 mottled draconians
  10 red draconians
  13 eidola
  The ghost of Snupthedog the Fighter, a powerful FoFi of Makhleb (D:11)
  Snorg (Orc:1)
  7 blizzard demons
  7 merfolk javelineers
  9 jiangshi
  6 deep elf death magi
  17 death oozes
  Erolcha (D:8)
  24 mummy priests
  8 merfolk impalers
  Josephine (D:11)
  2 deep elf high priests
  6 quicksilver dragon zombies
  14 yaktaur captains
  25 fire dragons
  2 spectral krakens (Tar:7)
  33 ice dragons
  4 rakshasas
  Fannar (Lair:2)
  12 naga warriors
  7 death cobs
  A hell beast (Tar:7)
  2 entropy weavers
  12 great orbs of eyes
  2 ghost crabs
  26 vault guards (Vaults:4)
  2 catoblepae
  17 anacondas
  A ghost crab (shapeshifter) (Elf:3)
  4 quicksilver dragon skeletons
  6 hydras
  10 centaur warriors
  A queen ant (D:11)
  6 merfolk avatars
  Erica (Lair:2)
  16 dancing weapons
  An alligator snapping turtle (Shoals:4)
  8 spriggan air magi
  11 death yaks
  3 satyrs
  6 deep troll shamans
  7 death knights
  6 tengu warriors
  16 ogre magi
  3 merfolk aquamancers
  An alligator (shapeshifter) (Vaults:5)
  A satyr (shapeshifter) (Vaults:5)
  14 vampire magi
  21 sun demons
  12 titan zombies
  The ghost of HEYYEYAAE the Gusty, an experienced HuAE of Vehumet (D:8)
  11 shock serpents
  5 deep troll earth magi
  Urug (D:14)
  6 iron golems
  25 soul eaters
  11 storm dragon zombies
  3 orc high priests (Orc:4)
  11 spriggan berserkers
  7 titan skeletons
  4 hell hogs
  Sonja (Orc:4)
  18 naga sharpshooters
  3 shadow wraiths
  71 hell knights
  4 iron trolls
  A fire crab (Vaults:4)
  9 salamander mystics
  3 unseen horrors
  16 deep elf knights
  2 quicksilver dragon simulacra
  146 skeletal warriors
  50 death scarabs
  12 hill giants
  3 golden dragon zombies
  20 ice devils
  14 flayed ghosts
  15 sea snakes
  7 deep elf summoners
  A ghost moth zombie (Geh:3)
  32 phantasmal warriors
  7 anaconda zombies
  21 ironbrand convokers
  25 deep trolls
  7 ice statues
  9 golden dragon skeletons
  A death drake (Tar:1)
  9 naga ritualists
  7 giant orange brains
  A deep troll (shapeshifter) (Depths:2)
  5 shadow dragon zombies
  A mana viper (shapeshifter) (Vaults:3)
  29 necromancers
  Pikel (D:6)
  8 wizards
  24 anubis guards
  A hill giant (shapeshifter) (Vaults:5)
  7 anaconda skeletons
  18 deep elf conjurers
  6 mana vipers
  6 wolf spider zombies
  22 shadow demons
  6 shining eyes
  2 oklob plants
  3 hornets
  20 salamanders
  8 orc sorcerers
  44 ugly things
  16 orc knights
  18 harpies
  5 wolf spiders
  11 stone giant zombies
  3 tengu skeletons
  15 cyclopes
  6 fauns (Shoals:3)
  16 griffons
  A draconian zombie (Zot:2)
  7 iron dragon zombies
  8 shadow dragon skeletons
  13 fire giant zombies
  5 frost giant zombies
  4 titan simulacra
  A toenail golem (Volcano)
  9 sirens
  14 manticores
  7 iron dragon skeletons
  5 water nymphs
  9 fire giant skeletons
  7 guardian serpents
  10 frost giant skeletons
  A guardian serpent (shapeshifter) (Vaults:5)
  2 sixfirhies
  5 stone giant skeletons
  6 dire elephant zombies
  A shock serpent zombie (Tar:7)
  9 vault sentinels
  15 naga magi
  A torpor snail (Lair:7)
  5 molten gargoyles
  3 gargoyles
  19 moths of wrath
  5 elephants
  3 centaur skeletons
  3 eyes of devastation
  A shock serpent skeleton (Geh:5)
  2 orange crystal statues (Zot:3)
  28 rust devils
  3 emperor scorpion zombies
  15 spiny frogs
  A yaktaur zombie (Depths:1)
  A spiny frog (shapeshifter) (Vaults:4)
  A demonic crawler (Tar:7)
  4 kobold demonologists
  60 yaktaurs
  A human zombie (Vaults:2)
  A storm dragon simulacrum (Vaults:2)
  51 black mambas
  A catoblepas zombie (Tar:2)
  3 anaconda simulacra (Coc:7)
  3 spriggan zombies
  4 smoke demons
  6 dire elephant skeletons
  11 spectral swamp worms (Tar:7)
  33 hellions
  An alligator snapping turtle skeleton (Crypt:2)
  7 efreet
  5 komodo dragons
  15 hydra zombies
  37 blue devils
  42 freezing wraiths
  42 guardian mummies
  23 red devils
  2 tengu conjurers
  A troll (shapeshifter) (Vaults:3)
  An ancient zyme (Abyss:2)
  4 jumping spiders (Crypt:3)
  A black draconian skeleton (Crypt:2)
  2 burning bushes (Zot:3)
  29 merfolk
  5 fire drakes
  28 deep elf priests
  35 tormentors
  2 harpy zombies
  3 polar bears
  A bog body (Crypt:2)
  4 silent spectres (Tar:7)
  5 wind drakes
  4 raiju (Abyss:2)
  17 blink frogs
  Prince Ribbit (D:10)
  A hellwing (Depths:3)
  7 trolls
  12 hydra skeletons
  29 two-headed ogres
  An iron dragon simulacrum (Depths:1)
  12 snapping turtles
  5 fire dragon zombies
  135 flying skulls
  8 ushabtiu
  3 alligator zombies
  A tengu simulacrum (Vaults:2)
  3 harpy skeletons
  121 slime creatures
  3 boulder beetles
  5 ice dragon zombies
  7 ettin zombies
  A shadow dragon simulacrum (Tar:6)
  A redback (shapeshifter) (Depths:4)
  A deep troll skeleton (Depths:1)
  32 shadows
  46 wraiths
  9 air elementals
  A black mamba zombie (Tar:6)
  6 fire dragon skeletons
  6 spriggans
  Sigmund (D:4)
  A snapping turtle (shapeshifter) (Vaults:4)
  3 alligator skeletons
  8 ettin skeletons
  6 ice dragon skeletons
  4 black mamba skeletons
  42 yaks
  2 trapdoor spiders
  6 redbacks
  A spriggan (shapeshifter) (Elf:3)
  24 water elementals
  A wyvern (D:15)
  2 ynoxinuls (Abyss:2)
  A human (Elf:1)
  5 hungry ghosts
  4 fire bats (Depths:1)
  10 vampires
  15 vampire mosquitoes
  Eustachio (D:4)
  27 deep elf magi
  A yak (shapeshifter) (Vaults:2)
  Grum (D:8)
  22 wolves
  39 deep elf fighters
  3 mottled dragons
  A spriggan simulacrum (Depths:2)
  29 fire elementals
  A hog (Elf:1)
  13 golden eyes
  Menkaure (D:7)
  3 basilisks
  9 wargs
  A hill giant skeleton (Crypt:2)
  14 hippogriffs
  A merfolk zombie (Dis:7)
  6 soldier ants (D:11)
  A steam dragon (D:11)
  2 hydra simulacra
  9 spiny frog zombies
  An infernal demonspawn zombie (Geh:7)
  79 hell hounds
  56 nagas
  A merfolk skeleton (Coc:7)
  2 black bears
  10 phantoms
  52 orc warriors
  6 porcupines
  6 wasps
  40 necrophages
  2 water moccasins (shapeshifter)
  23 water moccasins
  63 ogres
  2 slaves (D:6)
  5 swamp dragon zombies
  4 sky beasts
  2 spiders (Crypt:3)
  9 spiny frog skeletons
  24 ice beasts
  30 centaurs
  11 eyes of draining
  3 alligator simulacra
  8 boggarts
  9 snapping turtle zombies
  A manticore skeleton (Geh:3)
  3 snapping turtle skeletons
  13 crocodiles
  A blink frog zombie (Crypt:1)
  A hog skeleton (Crypt:1)
  The ghost of gorandor the Sneak, an average HaAs (D:4)
  9 small abominations
  An elf zombie (Crypt:3)
  6 big kobolds
  A monstrous demonspawn simulacrum (Crypt:2)
  2 elf skeletons (Crypt:1)
  18 giant frogs
  8 wyvern skeletons
  46 jellies
  6 scorpions
  2 water moccasin skeletons
  A raiju skeleton (Crypt:2)
  A spriggan skeleton (Geh:3)
  87 wights
  A hippogriff skeleton (Crypt:2)
  9 electric eels
  15 killer bees
  8 starcursed masses
  13 hounds
  2 human simulacra
  3 centaur zombies
  45 orc priests
  A wasp zombie (D:12)
  6 crimson imps
  A giant frog zombie (D:10)
  A gnoll shaman (D:4)
  Crazy Yiuf (D:4)
  30 worker ants
  19 iron imps
  6 human skeletons
  4 giant frog skeletons
  5 iguanas
  45 orc wizards
  4 lightning spires (Zot:3)
  33 sheep
  An ogre zombie (Tar:7)
  A naga zombie (Coc:7)
  3 hound zombies
  A naga skeleton (Crypt:1)
  2 hound skeletons
  49 mummies
  Robin (D:4)
  14 adders
  4 gnolls (D:4)
  41 river rats
  14 white imps
  16 shadow imps
  9 ufetubi
  2 oozes
  An adder zombie (D:6)
  206 orcs
  22 bats
  A bat skeleton (D:5)
  2 bat zombies
  3 giant cockroaches
  25 goblins
  29 hobgoblins
  14 jackals
  7 quokkas
  5 ball pythons
  9 giant geckos
  A giant newt (D:3)
  A goblin skeleton (Crypt:1)
  A jackal zombie (Crypt:1)
  23 kobolds
  A kobold zombie (Geh:3)
  An orc zombie (Dis:4)
  7 rats
  2 bushes
  5 crawling corpses
  4 fire vortices
  84 fungi
  A lost soul (Crypt:3)
  88 plants
  5 starspawn tentacles
  8 tentacles
  2 tentacle segments
5120 creatures vanquished.

Vanquished Creatures (collateral kills)
  A sphinx (Tomb:1)
  A deep elf sorcerer (Elf:3)
  A guardian mummy (Tomb:1)
3 creatures vanquished.

Vanquished Creatures (others)
  2 eldritch tentacles
  The ghost of MordorOrchid the Devastator, a mighty DEWz of Sif Muna (Shoals:4)
  A vault warden (Vaults:5)
  A draconian knight (Zot:3)
  A ghost moth (Depths:5)
  3 elemental wellsprings
  An ettin (Vaults:5)
  A blizzard demon (Coc:7)
  A quicksilver dragon zombie (Coc:7)
  A merfolk impaler (Shoals:4)
  A great orb of eyes (Slime:5)
  An ice dragon (Depths:5)
  A hell hog (Geh:6)
  21 death scarabs (Tomb:2)
  A ghost moth zombie (Coc:7)
  An anaconda skeleton (Geh:1)
  A mana viper (shapeshifter) (Elf:3)
  A deep elf conjurer (Elf:2)
  A fire giant skeleton (Geh:6)
  A catoblepas zombie (Geh:5)
  An ushabti (Tomb:1)
  2 humans
  2 flying skulls (Geh:7)
  2 wraiths
  A deep elf mage (Elf:1)
  A shadow (Geh:6)
  A tarantella (shapeshifter) (Vaults:4)
  A black mamba skeleton (Geh:6)
  A deep elf fighter (Elf:1)
  A mottled dragon (Vaults:2)
  A spiny frog zombie (Geh:4)
  An ogre (Vaults:1)
  A wight (Geh:7)
  An orc priest (Vaults:4)
  3 mummies (Tomb:2)
  3 white imps
  4 orcs
  307 eldritch tentacle segments
  5 fungi
  10 lost souls
  8 plants
  3 starspawn tentacles (Abyss:3)
  78 starspawn tentacle segments
  28 tentacles
  2277 tentacle segments
2786 creatures vanquished.

Grand Total: 7909 creatures vanquished

Notes
Turn   | Place    | Note
--------------------------------------------------------------
     0 | D:1      | Fluffy the Gargoyle Fighter began the quest for the Orb.
     0 | D:1      | Reached XP level 1. HP: 14/14 MP: 1/1
   333 | D:1      | Reached XP level 2. HP: 12/19 MP: 2/2
   983 | D:2      | Reached XP level 3. HP: 19/23 MP: 3/3
  1677 | D:2      | Reached skill level 4 in Maces & Flails
  2010 | D:3      | Reached XP level 4. HP: 25/28 MP: 4/4
  2329 | D:3      | Found a faded altar to an unknown god.
  2366 | D:3      | Reached skill level 5 in Maces & Flails
  2366 | D:3      | Reached XP level 5. HP: 21/32 MP: 5/5
  2586 | D:3      | Found a stormy altar of Qazlal.
  2711 | D:3      | Became a worshipper of Qazlal Stormbringer
  2779 | D:4      | Noticed an ogre
  2807 | D:4      | Killed an ogre
  2807 | D:4      | Reached skill level 1 in Invocations
  2807 | D:4      | Reached XP level 6. HP: 12/37 MP: 6/6
  3039 | D:4      | Found an opulent altar of Gozag.
  3071 | D:4      | Noticed an ogre
  3085 | D:4      | Killed an ogre
  3432 | D:4      | Reached XP level 7. HP: 40/43 MP: 8/8
  3453 | D:4      | Noticed Eustachio
  3500 | D:4      | Killed Eustachio
  3523 | D:4      | Reached skill level 6 in Maces & Flails
  3695 | D:4      | Acquired Qazlal's first power
  3707 | D:4      | Noticed gorandor's ghost (average HaAs)
  3730 | D:4      | Killed gorandor's ghost
  3982 | D:4      | Noticed Sigmund
  3994 | D:4      | Killed Sigmund
  3994 | D:4      | Reached XP level 8. HP: 48/48 MP: 10/10
  4378 | D:4      | Noticed Crazy Yiuf
  4382 | D:4      | Noticed Robin
  4390 | D:4      | Reached skill level 5 in Fighting
  4397 | D:4      | Killed Robin
  4399 | D:4      | Killed Crazy Yiuf
  4515 | D:4      | Reached skill level 5 in Shields
  4521 | D:4      | Reached skill level 5 in Armour
  4556 | D:5      | Entered Level 5 of the Dungeon
  4765 | D:5      | Acquired Qazlal's second power
  5550 | D:6      | Found Dyma's Food Shoppe.
  5784 | D:6      | Reached XP level 9. HP: 53/55 MP: 12/12
  5994 | D:6      | Found a staircase to the Ecumenical Temple.
  6062 | D:6      | Reached skill level 5 in Invocations
  6183 | D:6      | Found Vyqui's Jewellery Shop.
  6204 | D:6      | Noticed Pikel
  6221 | D:6      | Reached skill level 7 in Maces & Flails
  6308 | D:6      | Killed Pikel
  6358 | D:6      | Found Xitiocw's Weapon Boutique.
  6384 | D:6      | Found Guredd's Book Shoppe.
  7344 | D:7      | Noticed Menkaure
  7351 | D:7      | Killed Menkaure
  7351 | D:7      | Reached XP level 10. HP: 63/63 MP: 14/14
  7352 | D:7      | Found an iron altar of Okawaru.
  7654 | D:7      | Acquired Qazlal's third power
  7776 | D:7      | Found a bloodstained altar of Trog.
  7847 | D:8      | Noticed Erolcha
  7858 | D:8      | Killed Erolcha
  7858 | D:8      | Reached skill level 8 in Maces & Flails
  8177 | D:8      | Noticed Grum
  8195 | D:8      | Killed Grum
  8438 | D:8      | Noticed Gastronok
  8819 | D:8      | Noticed HEYYEYAAE's ghost (experienced HuAE)
  8834 | D:8      | Killed HEYYEYAAE's ghost
  8834 | D:8      | Reached XP level 11. HP: 66/69 MP: 16/16
  9771 | D:7      | Found a shattered altar of Ashenzari.
  9771 | D:7      | Found a sacrificial altar of Ru.
  9933 | D:8      | Killed Gastronok
  9933 | D:8      | Reached skill level 9 in Fighting
 10592 | D:9      | Found a staircase to the Lair.
 10612 | D:9      | Acquired Qazlal's fourth power
 11366 | D:10     | Entered Level 10 of the Dungeon
 11367 | D:10     | Noticed Prince Ribbit
 11373 | D:10     | Killed Prince Ribbit
 11590 | D:10     | Found a staircase to the Lair.
 11859 | D:10     | Noticed a hill giant
 12128 | D:10     | Found a staircase to the Orcish Mines.
 13100 | D:10     | Found a roughly hewn altar of Beogh.
 13155 | D:10     | Identified a scroll of acquirement
 13304 | D:10     | Noticed an unseen horror
 13323 | D:10     | Killed an unseen horror
 13559 | Lair:1   | Entered Level 1 of the Lair of Beasts
 13573 | Lair:1   | Reached XP level 12. HP: 48/77 MP: 18/18
 13892 | Lair:1   | Reached skill level 10 in Fighting
 13931 | Lair:1   | Acquired Qazlal's fifth power
 14277 | Lair:1   | Reached skill level 10 in Armour
 14580 | Lair:2   | Reached skill level 10 in Maces & Flails
 14583 | Lair:2   | Noticed Fannar
 14602 | Lair:2   | Reached skill level 10 in Shields
 14640 | Lair:2   | Killed Fannar
 14658 | Lair:2   | Noticed Erica
 14666 | Lair:2   | Killed Erica
 15691 | Lair:3   | Reached skill level 10 in Invocations
 15720 | Lair:3   | Noticed rogue's ghost (powerful OgHu)
 16564 | Lair:3   | Reached XP level 13. HP: 73/84 MP: 20/20
 16665 | Lair:3   | Killed rogue's ghost
 16665 | Lair:3   | Reached skill level 11 in Fighting
 17848 | Lair:4   | Found a staircase to the Snake Pit.
 18150 | Lair:4   | Found a staircase to the Shoals.
 19716 | Lair:6   | Got a bloodstained chain mail
 19727 | Lair:6   | Identified the +4 chain mail of the Armoured One {MR- Regen+ Int+4 Slay+5} (You found it on level 6 of the Lair of Beasts)
 20001 | Lair:6   | Gained mutation: Your large and strong wings let you fly indefinitely. [Gargoyle growth]
 20001 | Lair:6   | Reached XP level 14. HP: 74/91 MP: 22/22
 20464 | Lair:7   | Noticed Maud
 20496 | Lair:7   | Killed Maud
 20496 | Lair:7   | Reached skill level 12 in Fighting
 20862 | Lair:7   | Found a viscous altar of Jiyva.
 20863 | Lair:7   | Found a staircase to the Slime Pits.
 21346 | Lair:8   | Entered Level 8 of the Lair of Beasts
 22261 | Lair:8   | Got a warped jade ring
 22263 | Lair:8   | Identified the Grimoire of Poison and Attacks (You found it on level 8 of the Lair of Beasts)
 22267 | Lair:8   | Identified the ring of Vyhiacysh {SustAt *Confuse rF- rC+ Str+11} (You found it on level 8 of the Lair of Beasts)
 22874 | D:10     | Killed a hill giant
 22925 | Orc:1    | Entered Level 1 of the Orcish Mines
 22925 | Orc:1    | Found Kamoul's Gadget Boutique.
 22925 | Orc:1    | Noticed Snorg
 22935 | Orc:1    | Killed Snorg
 22935 | Orc:1    | Reached XP level 15. HP: 57/97 MP: 24/24
 23027 | Orc:1    | Found Ocselin's Armour Emporium.
 23243 | Orc:1    | Found Xionuwn's Assorted Antiques.
 23314 | Orc:1    | Found a frozen archway.
 23327 | Orc:1    | Reached skill level 13 in Fighting
 23378 | IceCv    | Entered an ice cave
 25435 | Orc:4    | Entered Level 4 of the Orcish Mines
 25439 | Orc:4    | Noticed Rupert
 25446 | Orc:4    | Noticed Sonja
 25460 | Orc:3    | Killed Rupert
 25501 | Orc:4    | Cast into the Abyss (Sonja)
 25532 | Orc:4    | Escaped the Abyss
 25576 | Orc:4    | Killed Sonja
 25624 | Orc:4    | Found a dark tunnel.
 25771 | Orc:4    | Paralysed by an orc sorcerer for 2 turns
 25779 | Orc:3    | Paralysed by an orc sorcerer for 2 turns
 25858 | Volcano  | Entered a volcano
 26227 | Orc:4    | Gained mutation: Potions and wands are less effective at restoring your health. [a neqoxec]
 26259 | Orc:4    | Paralysed by an orc sorcerer for 2 turns
 26554 | Orc:4    | Found a roughly hewn altar of Beogh.
 26578 | Orc:4    | Found a staircase to the Elven Halls.
 26756 | Orc:4    | Found Omuy's General Store.
 26757 | Orc:4    | Found Kaodiju's Book Shoppe.
 26758 | Orc:4    | Found Gijeinu's Antique Armour Shoppe.
 26758 | Orc:4    | Found Ynitoiru's Antique Weapon Emporium.
 26992 | Orc:4    | Bought a polished plate armour for 868 gold pieces
 27003 | Orc:4    | Identified the cursed +0 plate armour of Imperfection {Dex+4} (You bought it in a shop on level 4 of the Orcish Mines)
 27011 | Orc:4    | Bought a shimmering plate armour for 868 gold pieces
 27017 | Orc:4    | Identified the +3 plate armour of the Sky {rPois Slay+5} (You bought it in a shop on level 4 of the Orcish Mines)
 27258 | Snake:1  | Entered Level 1 of the Snake Pit
 27389 | Snake:1  | Reached XP level 16. HP: 97/105 MP: 26/26
 27705 | Snake:1  | Reached skill level 14 in Invocations
 27705 | Snake:1  | Reached XP level 17. HP: 110/110 MP: 27/27
 29111 | Snake:2  | Noticed Vashnia
 29177 | Snake:2  | Killed Vashnia
 29177 | Snake:2  | Reached skill level 15 in Invocations
 29497 | Snake:2  | Found a deep blue altar of Sif Muna.
 30923 | Snake:3  | Reached XP level 18. HP: 95/117 MP: 29/29
 31211 | Snake:3  | Paralysed by a naga for 6 turns
 31643 | Snake:4  | Entered Level 4 of the Snake Pit
 31870 | Snake:4  | Reached skill level 15 in Fighting
 31993 | Snake:4  | Reached skill level 15 in Armour
 32217 | Snake:4  | Reached skill level 15 in Shields
 32980 | Snake:4  | Reached skill level 16 in Invocations
 33720 | Snake:4  | Reached XP level 19. HP: 122/125 MP: 31/31
 33757 | Snake:4  | Got a serpentine rune of Zot
 34085 | Shoals:1 | Entered Level 1 of the Shoals
 34979 | Shoals:2 | Reached skill level 15 in Maces & Flails
 35111 | Shoals:2 | Found Wumulugu's Whimsical Warehouse.
 35120 | Shoals:2 | Got a slimy wooden ring
 35122 | Shoals:2 | Identified the ring of Generosity {MP+9 Str+4} (You found it on level 2 of the Shoals)
 37201 | Shoals:4 | Entered Level 4 of the Shoals
 37233 | Shoals:4 | Noticed MordorOrchid's ghost (mighty DEWz)
 37373 | Shoals:4 | Killed MordorOrchid's ghost
 37695 | Shoals:4 | Noticed Ilsuiw
 37721 | Shoals:4 | HP: 5/127 [merfolk javelineer/steel javelin (17)]
 38003 | Shoals:3 | Killed Ilsuiw
 38209 | Shoals:4 | Reached skill level 17 in Invocations
 38381 | Shoals:4 | Reached XP level 20. HP: 99/132 MP: 32/32
 38466 | Shoals:4 | Got a brightly glowing lead amulet
 38467 | Shoals:4 | Identified the amulet "Xuph" {Spirit rElec rF+} (You found it on level 4 of the Shoals)
 39019 | Shoals:4 | Got a barnacled rune of Zot
 39229 | Shoals:4 | Got a transparent iron ring
 39232 | Shoals:4 | Identified the ring "Jiwk" {-Tele +Fly rPois MP+9} (You found it on level 4 of the Shoals)
 39460 | Elf:1    | Entered Level 1 of the Elven Halls
 39460 | Elf:1    | Noticed Azrael
 39556 | Orc:4    | Killed Azrael
 40167 | Elf:1    | Noticed Kirke
 40181 | Elf:1    | Killed Kirke
 40646 | Elf:2    | Found Juommasu's Assorted Antiques.
 40815 | Elf:2    | Found Rihuvod's Antique Armour Shop.
 40823 | Elf:2    | Bought a pair of smoking gloves for 380 gold pieces
 40833 | Elf:2    | Identified the +0 pair of gloves of the Seven Gods {rElec Regen+ Int+6} (You bought it in a shop on level 2 of the Elven Halls)
 41001 | Elf:2    | Found a huge runed gate.
 41001 | Elf:2    | Found a huge runed gate.
 41001 | Elf:2    | Found a huge runed gate.
 41001 | Elf:2    | Found a huge runed gate.
 41001 | Elf:2    | Found a huge runed gate.
 41093 | Elf:2    | Found Vullew's Distillery.
 41877 | Elf:3    | Entered Level 3 of the Elven Halls
 41957 | Elf:3    | Found a flickering gateway to a bazaar.
 41966 | Bazaar   | Entered a bazaar
 41971 | Bazaar   | Found Guss's Magic Scroll Shoppe.
 41972 | Bazaar   | Found Asa Ukao's General Store.
 41992 | Bazaar   | Found Maedghyor's Food Shop.
 41992 | Bazaar   | Found Anweh's General Store.
 42009 | Bazaar   | Found Soafyidgh's Assorted Antiques.
 42028 | Bazaar   | Found Lihoacra's Magic Scroll Emporium.
 42129 | Bazaar   | Bought a scroll of acquirement for 676 gold pieces
 42205 | Elf:3    | Found Kubomela's Distillery.
 42209 | Elf:3    | Bought 2 potions of heal wounds for 120 gold pieces
 42211 | Elf:3    | Noticed Louise
 42221 | Elf:3    | Cast into the Abyss (Louise)
 42525 | Abyss:3  | Noticed a bone dragon
 42531 | Abyss:3  | Paralysed by accursed screaming for 1 turns
 42613 | Elf:3    | Escaped the Abyss
 42673 | Elf:3    | Killed Louise
 42809 | Elf:3    | Noticed Donald
 42829 | Elf:3    | Killed Donald
 43554 | Elf:3    | Reached XP level 21. HP: 72/140 MP: 33/33
 43777 | Elf:3    | Got a heavily runed amethyst amulet
 43778 | Elf:3    | Got an iridescent morningstar
 43779 | Elf:3    | Identified the +7 morningstar of the Two Names {flame, *Drain Dex+4} (You took it off a deep elf demonologist on level 3 of the Elven Halls)
 43782 | Elf:3    | Identified the amulet "Zossul" {Ward +Fly rPois rN+} (You took it off a deep elf demonologist on level 3 of the Elven Halls)
 44003 | Elf:3    | Reached skill level 18 in Invocations
 44175 | Elf:3    | Got a sparkling lead ring
 44177 | Elf:3    | Identified the ring of the Failed Coup {rN+ MR+ MP+9 Str+3 Int-2} (You took it off a deep elf annihilator on level 3 of the Elven Halls)
 44419 | Elf:3    | Identified the Incunabulum of Ice and Summoning
 45151 | D:11     | Noticed Josephine
 45161 | D:11     | Killed Josephine
 45253 | D:11     | Noticed Snupthedog's ghost (powerful FoFi)
 45261 | D:11     | Killed Snupthedog's ghost
 45526 | D:11     | Found a runed door.
 47268 | D:13     | Found Gatunn's Distillery.
 47303 | D:13     | Found a runed door.
 47310 | D:13     | Found a glowing golden altar of the Shining One.
 47629 | D:14     | Noticed Urug
 47638 | D:14     | Killed Urug
 47646 | D:14     | Noticed Roxanne
 47668 | D:14     | Killed Roxanne
 48015 | D:14     | Noticed Agnes
 48023 | D:14     | Killed Agnes
 48292 | D:14     | Found a gate to the Vaults.
 48600 | D:15     | Entered Level 15 of the Dungeon
 48762 | D:15     | Reached XP level 22. HP: 146/148 MP: 35/35
 48942 | D:15     | Found a staircase to the Depths.
 49139 | Vaults:1 | Entered Level 1 of the Vaults
 49681 | Vaults:1 | Reached skill level 19 in Fighting
 51147 | Vaults:2 | Found Ganoygatt's Antique Weapon Emporium.
 51551 | Vaults:2 | Found a staircase to the Crypt.
 51551 | Vaults:2 | Found an ancient bone altar of Kikubaaqudgha.
 51556 | Vaults:2 | Found a basalt altar of Yredelemnul.
 51719 | Vaults:3 | Reached XP level 23. HP: 151/156 MP: 36/36
 51807 | Vaults:3 | Reached skill level 20 in Fighting
 52436 | Vaults:3 | Got a dazzling scale mail
 52477 | Vaults:3 | Noticed Aizul
 52491 | Vaults:3 | Killed Aizul
 52806 | Vaults:3 | Identified the +1 scale mail of Quantum Leap {rF+ rC+ Regen+} (You found it on level 3 of the Vaults)
 53400 | Vaults:4 | Noticed Frederick
 53401 | Vaults:4 | Noticed Margery
 53456 | Vaults:4 | Killed Frederick
 53467 | Vaults:4 | Killed Margery
 54276 | Crypt:1  | Entered Level 1 of the Crypt
 54404 | Crypt:1  | Reached skill level 21 in Fighting
 54668 | Crypt:1  | Reached XP level 24. HP: 166/166 MP: 36/36
 54793 | Crypt:1  | Got a fine scale mail
 54804 | Crypt:1  | Identified the +1 scale mail "Kageg" {rCorr Int-2 Dex+2} (You found it on level 1 of the Crypt)
 55987 | Crypt:3  | Entered Level 3 of the Crypt
 55994 | Crypt:3  | Noticed a greater mummy
 56104 | Crypt:3  | Killed a greater mummy
 56119 | Crypt:3  | Noticed Saint Roka
 56154 | Crypt:2  | Killed Saint Roka
 56309 | Crypt:3  | Noticed Khufu
 56334 | Crypt:3  | Killed Khufu
 56642 | Crypt:3  | Got a faintly humming helmet
 56661 | Crypt:3  | Identified the Reference Book on Boosting Evil Rites
 56682 | Crypt:3  | Identified the cursed +0 helmet of Dithmenos's Hatred {+Blink Str+4} (You found it on level 3 of the Crypt)
 57296 | Crypt:3  | Found a basalt altar of Yredelemnul.
 57496 | Crypt:3  | Reached XP level 25. HP: 146/172 MP: 37/37
 57718 | Crypt:3  | Found a staircase to the Tomb.
 57914 | Crypt:3  | Reached skill level 22 in Fighting
 58254 | Tomb:1   | Entered Level 1 of the Tomb of the Ancients
 58391 | Tomb:1   | Noticed a greater mummy
 58406 | Tomb:1   | Killed a greater mummy
 58416 | Tomb:1   | Noticed an ancient lich
 58428 | Tomb:1   | Killed an ancient lich
 58445 | Tomb:1   | Noticed a greater mummy
 58969 | Tomb:1   | Noticed a greater mummy
 58986 | Tomb:1   | Killed a greater mummy
 59283 | Tomb:1   | Killed a greater mummy
 59550 | Tomb:2   | Noticed Sojobo
 59551 | Tomb:2   | Noticed a greater mummy
 59551 | Tomb:2   | Noticed a greater mummy
 59552 | Tomb:2   | Noticed a greater mummy
 59552 | Tomb:2   | Noticed a greater mummy
 59553 | Tomb:2   | Noticed Mennas
 59604 | Tomb:2   | Killed Sojobo
 59627 | Tomb:1   | Killed Mennas
 59634 | Tomb:1   | Killed a greater mummy
 59637 | Tomb:1   | Got a warped large shield
 59648 | Tomb:1   | Identified the +5 large shield of Omission {Str+3 Stlth+} (You took it off Mennas on level 1 of the Tomb of the Ancients)
 59713 | Tomb:1   | Killed a greater mummy
 59716 | Tomb:1   | Killed a greater mummy
 59864 | Tomb:2   | Killed a greater mummy
 60026 | Tomb:2   | Reached XP level 26. HP: 180/180 MP: 37/37
 60172 | Tomb:1   | Noticed a greater mummy
 60183 | Tomb:1   | Killed a greater mummy
 60188 | Tomb:1   | Noticed a greater mummy
 60196 | Tomb:1   | Noticed a greater mummy
 60202 | Tomb:1   | Killed a greater mummy
 60213 | Tomb:1   | Killed a greater mummy
 60232 | Tomb:1   | Noticed a greater mummy
 60356 | Tomb:1   | Killed a greater mummy
 60385 | Tomb:1   | Noticed a greater mummy
 60386 | Tomb:1   | Noticed a greater mummy
 60400 | Tomb:1   | Noticed a greater mummy
 60495 | Tomb:1   | Killed a greater mummy
 60622 | Tomb:2   | Killed a greater mummy
 60688 | Tomb:2   | Killed a greater mummy
 60719 | Tomb:1   | Noticed a greater mummy
 60731 | Tomb:1   | Killed a greater mummy
 60751 | Tomb:1   | Noticed a greater mummy
 60764 | Tomb:1   | Noticed a greater mummy
 60769 | Tomb:1   | Killed a greater mummy
 60873 | Tomb:2   | Killed a greater mummy
 60959 | Tomb:1   | Noticed a greater mummy
 60975 | Tomb:1   | Killed a greater mummy
 60992 | Tomb:1   | Noticed a greater mummy
 61103 | Tomb:1   | Killed a greater mummy
 61123 | Tomb:1   | Noticed a greater mummy
 61132 | Tomb:1   | Killed a greater mummy
 61213 | Tomb:1   | Noticed a greater mummy
 61231 | Tomb:1   | Killed a greater mummy
 61231 | Tomb:1   | Reached skill level 23 in Fighting
 61314 | Tomb:1   | Noticed a greater mummy
 61329 | Tomb:1   | Killed a greater mummy
 61374 | Tomb:1   | Noticed a greater mummy
 61391 | Tomb:1   | Killed a greater mummy
 61471 | Tomb:1   | Noticed a greater mummy
 61497 | Tomb:1   | Killed a greater mummy
 61705 | Tomb:3   | Entered Level 3 of the Tomb of the Ancients
 61839 | Tomb:3   | Noticed a greater mummy
 61857 | Tomb:3   | Noticed a greater mummy
 61858 | Tomb:3   | Noticed a greater mummy
 61942 | Tomb:3   | Noticed a greater mummy
 62054 | Tomb:2   | Killed a greater mummy
 62117 | Tomb:2   | Killed a greater mummy
 62117 | Tomb:2   | Reached XP level 27. HP: 113/188 MP: 37/37
 62208 | Tomb:2   | Killed a greater mummy
 62642 | Tomb:2   | Killed a greater mummy
 62710 | Tomb:3   | Noticed a greater mummy
 62746 | Tomb:2   | Killed a greater mummy
 62854 | Tomb:3   | Noticed a greater mummy
 62961 | Tomb:2   | Killed a greater mummy
 63096 | Tomb:3   | Noticed a greater mummy
 63111 | Tomb:3   | Killed a greater mummy
 63160 | Tomb:3   | Noticed a greater mummy
 63186 | Tomb:3   | Killed a greater mummy
 63327 | Tomb:3   | Noticed a greater mummy
 63341 | Tomb:3   | Killed a greater mummy
 63505 | Tomb:3   | Got a faintly humming large shield
 63516 | Tomb:3   | Identified the +8 large shield of Winter {*Contam rN+ Int+3} (You found it on level 3 of the Tomb of the Ancients)
 63611 | Tomb:3   | Got a golden rune of Zot
 64335 | Vaults:5 | Entered Level 5 of the Vaults
 65240 | Vaults:4 | Got a slimy steel ring
 65409 | Vaults:5 | Reached skill level 24 in Fighting
 65434 | Vaults:5 | Identified the ring of Ofioni {rF+ rN+ Int+2} (You took it off a deep elf annihilator on level 4 of the Vaults)
 65789 | Vaults:5 | Got an encrusted scale mail
 65790 | Vaults:5 | Identified the +5 scale mail of the Townfolk {Int+4} (You took it off a vault warden on level 5 of the Vaults)
 65843 | Vaults:5 | Noticed an ancient lich
 65856 | Vaults:5 | Killed an ancient lich
 65873 | Vaults:5 | Got a translucent tin ring
 65875 | Vaults:5 | Identified the ring "Builatei" {Int+3 Slay+2} (You took it off a vault warden on level 5 of the Vaults)
 66046 | Vaults:5 | Got a silver rune of Zot
 66915 | Depths:1 | Entered Level 1 of the Depths
 67370 | Depths:1 | Found a magical portal.
 67716 | Depths:1 | Found a gateway to Hell.
 68572 | Depths:2 | Found Osok's Antique Weapon Boutique.
 69102 | Depths:2 | Found a corrupted altar of Lugonu.
 69103 | Depths:2 | Found a one-way gate to the infinite horrors of the Abyss.
 70097 | Depths:3 | Identified a +0 pair of boots of running (You found it on level 3 of the Depths)
 70102 | Depths:3 | Found a one-way gate leading to the halls of Pandemonium.
 70615 | Depths:3 | Upgraded the game from 0.17-a0-1442-g10bb59b to 0.17-a0-1446-gc28613e
 71225 | Depths:4 | Noticed Boris
 71261 | Depths:4 | Killed Boris
 71487 | Depths:5 | Entered Level 5 of the Depths
 71487 | Depths:5 | Found a shattered altar of Ashenzari.
 71512 | Depths:5 | Reached skill level 25 in Fighting
 71656 | Depths:5 | Found a gateway to a ziggurat.
 71973 | Depths:5 | Found a gate to the Realm of Zot.
 72680 | Slime:1  | Entered Level 1 of the Pits of Slime
 72682 | Slime:1  | Gained mutation: Your body sometimes deteriorates upon taking damage. [a shining eye]
 72687 | Slime:1  | Gained mutation: You are clumsy. (Dex -2) [a shining eye]
 75251 | Slime:6  | Entered Level 6 of the Pits of Slime
 75285 | Slime:6  | Noticed the royal jelly
 75676 | Slime:5  | HP: 7/193 [acid blob[the royal jelly] (14)]
 75676 | Slime:5  | HP: 3/193 [acid[the royal jelly] (4)]
 75683 | Slime:5  | HP: 5/193 [acid[the royal jelly] (5)]
 75849 | Slime:5  | HP: 9/193 [acid[the royal jelly] (1)]
 75854 | Slime:5  | HP: 3/193 [acid[the royal jelly] (2)]
 75855 | Slime:5  | HP: 1/193 [acid[the royal jelly] (4)]
 76018 | Slime:6  | Killed the royal jelly
 76367 | Slime:6  | Noticed 4thArraOfDagon's ghost (mighty HOAK)
 76388 | Slime:6  | Killed 4thArraOfDagon's ghost
 76704 | Slime:6  | Identified the Volume of Shape Shifting
 76708 | Slime:6  | Identified Tojan's Almanac of Combat Magic
 76752 | Slime:6  | Identified the Volume of the Birds
 76769 | Slime:6  | Got a slimy rune of Zot
 76773 | Slime:6  | Identified a +2 rod of ignition (12/12) (You found it on level 6 of the Pits of Slime)
 76827 | Slime:6  | Lost mutation: Your body sometimes deteriorates upon taking damage. [potion of cure mutation]
 76827 | Slime:6  | Lost mutation: You are clumsy. (Dex -2) [potion of cure mutation]
 76827 | Slime:6  | Lost mutation: Potions and wands are less effective at restoring your health. [potion of cure mutation]
 76828 | Slime:6  | Gained mutation: You have a somewhat thin skeletal structure (Dex +2, Stealth). [potion of beneficial mutation]
 76829 | Slime:6  | Gained mutation: You are partially covered in rugged brown scales (AC +1, +3% HP). [potion of beneficial mutation]
 76874 | Slime:5  | Gained mutation: You can breathe flames. [a shining eye]
 77806 | Zot:1    | Entered Level 1 of the Realm of Zot
 77864 | Zot:1    | Noticed an orb of fire
 78032 | Zot:1    | Gained mutation: Potions and wands are less effective at restoring your health. [an orb of fire]
 78163 | Depths:5 | Killed an orb of fire
 78441 | Zot:1    | Paralysed by the power of Zot for 2 turns
 79132 | Zot:2    | Reached skill level 26 in Fighting
 81413 | Zot:3    | Gained mutation: You passively map a small area around you. [potion of beneficial mutation]
 81414 | Zot:3    | Gained mutation: Your natural rate of healing is unusually fast. [potion of beneficial mutation]
 82151 | Hell     | Entered the Vestibule of Hell
 82151 | Hell     | Noticed Geryon
 82183 | Hell     | Noticed Murray
 82380 | Depths:5 | Gained mutation: You are occasionally teleported to nearby monsters. [mutagenic glow]
 82418 | Depths:5 | Gained mutation: You are weak. (Str -2) [mutagenic glow]
 82641 | Depths:5 | Killed Murray
 82700 | Hell     | Killed Geryon
 82764 | Hell     | Found a gateway to the decaying netherworld of Tartarus.
 82919 | Hell     | Found a gateway to the Iron City of Dis.
 82992 | Hell     | Found a gateway to the ashen valley of Gehenna.
 83155 | Hell     | Found a gateway to the freezing wastes of Cocytus.
 83245 | Geh:1    | Entered Level 1 of Gehenna
 84737 | Geh:3    | Lost mutation: Potions and wands are less effective at restoring your health. [potion of cure mutation]
 84737 | Geh:3    | Lost mutation: Your natural rate of healing is unusually fast. [potion of cure mutation]
 84737 | Geh:3    | Lost mutation: You can breathe flames. [potion of cure mutation]
 84737 | Geh:3    | Lost mutation: You are weak. (Str -2) [potion of cure mutation]
 85094 | Geh:4    | Reached skill level 27 in Fighting
 86394 | Geh:7    | Entered Level 7 of Gehenna
 86916 | Geh:7    | Identified Xotsih's Guide on Congealing Attacks
 86919 | Geh:7    | Got a vibrating copper ring
 86921 | Geh:7    | Identified the ring "Tuyqinakk" {rElec rC+} (You found it on level 7 of Gehenna)
 86944 | Geh:7    | Identified the Guide on the Mountains (You found it on level 7 of Gehenna)
 87114 | Geh:7    | Noticed the Serpent of Hell
 87146 | Geh:7    | Killed the Serpent of Hell
 87586 | Geh:7    | Noticed Asmodeus
 87620 | Geh:7    | Killed Asmodeus
 87796 | Geh:7    | Got an obsidian rune of Zot
 87979 | Geh:7    | Reached skill level 1 in Dodging
 88060 | Tar:1    | Entered Level 1 of Tartarus
 90343 | Tar:7    | Entered Level 7 of Tartarus
 90400 | Tar:7    | Reached skill level 27 in Armour
 90574 | Tar:7    | Reached skill level 27 in Shields
 90623 | Tar:7    | Noticed Ereshkigal
 90669 | Tar:7    | Killed Ereshkigal
 90669 | Tar:7    | Reached skill level 5 in Dodging
 90669 | Tar:7    | Reached skill level 27 in Invocations
 90872 | Tar:7    | Identified Sif Muna's Collected Works on Attacks and the Birds
 90875 | Tar:7    | Got a bone rune of Zot
 92807 | Tar:7    | Identified the Collected Works on Creative Flames
 93112 | Coc:1    | Entered Level 1 of Cocytus
 93220 | Coc:2    | Reached skill level 10 in Dodging
 93605 | Coc:4    | Reached skill level 27 in Maces & Flails
 94010 | Coc:7    | Entered Level 7 of Cocytus
 95062 | Coc:7    | Noticed Antaeus
 95123 | Coc:7    | Killed Antaeus
 95123 | Coc:7    | Reached skill level 15 in Dodging
 95296 | Coc:7    | Got an icy rune of Zot
 95316 | Coc:7    | Learned a level 2 spell: Blink
 95487 | Coc:7    | Reached skill level 1 in Translocations
 95699 | Dis:1    | Entered Level 1 of the Iron City of Dis
 96393 | Dis:4    | Reached skill level 5 in Translocations
 97144 | Dis:7    | Entered Level 7 of the Iron City of Dis
 98285 | Dis:7    | Killed from afar by a Hell Sentinel

Vault maps used:
D:1:      minmay_arrival_five_plusses, moated_statue
D:2:      serial_forest, infiniplex_forest_corner_1,
          infiniplex_forest_clump_long, infiniplex_forest_end_2,
          infiniplex_forest_join
D:3:      overflow_temple_1_default, ecumenical_altar_1, dk_noncrumbling_3
D:4:      lemuel_crystal_altar, uniq_crazy_yiuf_cottage, uniq_sigmund,
          uniq_eustachio, uniq_robin
D:5:      first_bread, serial_bayou, serial_bayou_shore_b,
          serial_bayou_lagoon_a, serial_bayou_shore_b, serial_bayou_pond_e
D:6:      minmay_temple_entry_nine_rooms, serial_shops, shop, shop, shop,
          nicolae_shop_statue_plus, uniq_pikel
D:7:      nicolae_overflow_hidden_temple, lemuel_round_altar, uniq_menkaure
D:8:      blue_anna_alchemist, uniq_erolcha, uniq_grum, uniq_prince_ribbit1,
          uniq_gastronok
D:9:      david_lair_generic
D:10:     erik_lair_island, minmay_orc_entry_temple_small
D:11:     minmay_st_funbox, minmay_another_anthill, uniq_josephine
D:12:     minmay_wizard_corner
D:13:     serial_column_ruins, column_ruins_columns_straight,
          column_ruins_open_tiny, column_ruins_open_small,
          column_ruins_columns_corner, serial_shops,
          nicolae_shop_competitors_out_of_business, lemuel_angel_altar
D:14:     minmay_wavy_crystal, hangedman_vaults_entry_quadrant_bands,
          nicolae_benzene_ring, uniq_urug, uniq_roxanne, uniq_agnes
D:15:     hangedman_depths_entry_try_elsewhere_first
Lair:1:   grunt_forest_large_clearings, infiniplex_staircase_pool
Lair:2:   uniq_erica, uniq_fannar
Lair:3:   serial_bayou_shore_b, grunt_megastairs_3
Lair:4:   minmay_shoals_entry_hut, minmay_snake_entry_six_corridors
Lair:5:   st_stairs_13
Lair:7:   slime_altar_1, serial_bayou_shore_b, uniq_maud
Lair:8:   due_jungle_book
Shoals:1: nicolae_shoals_dead_sea_scrolls
Shoals:2: nicolae_alphabet_shops
Shoals:4: shoals_end_hangedman, shoals_ilsuiw_alternative,
          nicolae_shoals_seven_spires
Snake:2:  basic_altar, uniq_vashnia
Snake:3:  hangedman_snake_wide_pillar_pass, basic_stair_grate_trap
Snake:4:  grunt_snake_rune_pools
Orc:1:    serial_shops, shop, nicolae_shop_competitors_out_of_business, shop,
          portal_ice_cave_entry_animals_and_master, roderic_batcave,
          nicolae_orc_tapped_out, uniq_snorg
Orc:3:    nicolae_orc_pool_cavern
Orc:4:    st_orc_congregation, nicolae_volcano_entry_hallway, basic_altar,
          mines3_lemuel, uniq_rupert, uniq_sonja
Elf:1:    minmay_elf_arrival_summoners, hangedman_elf_disciples,
          roderic_roman_lattice, uniq_azrael, uniq_kirke
Elf:2:    serial_shops, shop, nicolae_shop_crystal, shop
Elf:3:    minmay_elf_hall, serial_shops, bzr_entry_customers, shop,
          serial_glass, glass_columns_b, glass_columns_b, glass_columns_b,
          glass_columns_b, glass_columns_b, glass_columns_c, glass_columns_b,
          glass_columns_a, glass_columns_c, glass_columns_a, glass_columns_a,
          glass_columns_c, glass_columns_a, glass_columns_a, uniq_louise,
          uniq_donald
Vaults:1: v_alt_pattern_1, grunt_vaults_twisty, v_misc_12, v_alt_pattern_2,
          nicolae_vaults_shelves_hall, nicolae_vaults_shelves_hall,
          nicolae_vaults_little_ls, v_misc_11, nicolae_vaults_little_squares_3,
          vaults_room_pools, hangedman_vaults_corner, v_misc_15, serial_ice_b,
          v_misc_22, vaults_dpeg_spiral
Vaults:2: v_rooms_4, nicolae_vaults_circle_grid_a, vaults_dpeg_doors,
          minmay_crypt_entry_necro_gods, nicolae_vaults_border_crossing,
          vaults_mumra_minichess, vaults_room_grid, hangedman_vaults_capsules,
          v_misc_28, vaults_room_stairs_pillars, v_pattern_4, v_alt_pattern_3,
          nicolae_vaults_know_your_exits, vaults_dpeg_hooks,
          hangedman_vaults_stretched_pinwheel, v_misc_14,
          vaults_room_stairs_pillars, serial_shops, shop
Vaults:3: v_misc_24, hangedman_vaults_impose, vaults_room_corners,
          nicolae_vaults_three_branches, vaults_mumra_chevron_long,
          ontoclasm_vaults_decontamination, vaults_dpeg_diagonal, uniq_aizul
Vaults:4: nicolae_vaults_shelves_hall, v_misc_26, nicolae_vaults_c_with_doors,
          vaults_room_fours, v_misc_12, hangedman_vaults_stagger, v_misc_1,
          v_pattern_1, uniq_frederick, uniq_margery
Crypt:1:  grunt_crypt_arrival_webbed
Crypt:2:  st_vampire_maze
Crypt:3:  evilmike_haunted_forest, uniq_khufu, uniq_saint_roka
Tomb:2:   uniq_mennas, uniq_sojobo
Depths:1: mu_enter_wizlab_4, hangedman_tar_grid_catacomb,
          hangedman_decor_diamond_cutter, kennysheep_cross_bottleneck,
          item_on_display_a
Depths:2: evilmike_lava_path, serial_shops,
          nicolae_shop_temple_entry_statues_fountains, nicolae_two_hexagons,
          abyss_entry_flame_altar, hell_entry
Depths:3: minmay_crescents, hellmouth_1, minmay_staircase_windowed_large,
          pan_entry, abyss_entry, serial_bayou_shore_b
Depths:4: minmay_ice_pillars, bh_chokoban, abyss_entry, hell_entry, uniq_boris
Depths:5: grunt_twist_and_shout, enter_ziggurat_e, ashenzari_altar_1,
          hell_entry, minmay_misc_feat_hallway, lemuel_nasty_fountain
Dis:1:    hangedman_dis_decor_tower
Dis:3:    hangedman_dis_chains
Dis:4:    lemuel_dis_dragons
Dis:5:    nrook_loot_triangle, door_vault
Dis:7:    iron_city_of_dis
Geh:3:    nicolae_geh_lava_in_the_way
Geh:5:    nicolae_geh_sunburst
Geh:6:    lemuel_flamethrower_2
Geh:7:    evilmike_geh
Coc:6:    serial_ice, serial_ice_o
Coc:7:    coc_old
Tar:1:    hangedman_snap_crack_crunch
Tar:2:    lemuel_elevator
Tar:6:    nicolae_tar_fractal_crypt
Tar:7:    tar_minmay_river
Zot:1:    hangedman_zot_vaults_quadrants
Zot:2:    grunt_deathspiral_small, hangedman_zot_diagonal_lockstep
Zot:3:    evilmike_crystal_ball_defense
Abyss:2:  hangedman_steaming_rock
Abyss:3:  evilmike_abyss_rune_tentacle_tunnel
Abyss:4:  grunt_abyss_rune_sword_and_sorcery, minivault_22, patterned_corridor
Bazaar:   bazaar_minmay_noklob
IceCv:    ice_cave_small_demon
Volcano:  volcano_pools

Action                   |  1- 3 |  4- 6 |  7- 9 | 10-12 | 13-15 | 16-18 | 19-21 | 22-24 | 25-27 || total
-------------------------+-------+-------+-------+-------+-------+-------+-------+-------+-------++-------
Melee: Flail             |   228 |   115 |       |       |       |       |   378 |  1104 |  2142 ||  3967
       Mace              |       |     8 |   166 |    28 |   817 |    11 |       |       |       ||  1030
       Whip              |       |       |   301 |  1207 |  1015 |  1638 |  1590 |       |       ||  5751
       Morningstar       |       |       |       |       |       |     5 |   740 |  1172 |       ||  1917
       Demon whip        |       |       |       |       |       |       |       |       |  9544 ||  9544
 Cast: Blink             |       |       |       |       |       |       |       |       |     1 ||     1
Invok: Disaster Area     |       |       |       |       |       |     2 |     1 |       |     8 ||    11
       Elemental Force   |       |       |       |       |       |       |     3 |       |     1 ||     4
       Upheaval          |       |       |       |       |       |       |     2 |       |    13 ||    15
 Abil: Fly               |       |       |       |       |     1 |       |       |       |       ||     1
Evoke: Wand              |       |       |       |    14 |       |       |     2 |       |     5 ||    21
  Use: Scroll            |       |    14 |     5 |    12 |     7 |     1 |     7 |     5 |    23 ||    74
       Potion            |       |     1 |       |     2 |       |     5 |     2 |       |    22 ||    32
 Stab: Distracted        |       |       |       |       |       |     1 |     1 |       |     3 ||     5
       Petrified         |       |       |       |       |       |       |     1 |       |       ||     1
  Eat: Chunk             |    12 |     4 |    10 |    26 |    30 |    18 |    51 |    26 |    81 ||   258
       Bread ration      |       |       |       |     1 |       |       |       |       |       ||     1
       Royal jelly       |       |       |       |       |     1 |       |       |     2 |       ||     3
       Pizza             |       |       |       |       |     1 |     3 |       |     1 |     9 ||    14
       Beef jerky        |       |       |       |       |       |       |       |       |    12 ||    12
       Meat ration       |       |       |       |       |       |       |       |       |     5 ||     5
       Fruit             |       |       |       |       |       |       |       |       |     4 ||     4
